 Dungeon Crawl Stone Soup version 0.16.1-7-g2c6721e (webtiles) character file.

38 Chiseanne the Ruffian (level 3, -2/35 HPs)
             Began as an Ogre Transmuter on Mar 29, 2015.
             Slain by Terence
             ... wielding a +0 falchion
              (4 damage)
             ... on level 2 of the Dungeon.
             The game lasted 00:04:29 (2307 turns).

Chiseanne the Ruffian (Ogre Transmuter)             Turns: 2307, Time: 00:04:29

Health: -2/35      AC:  3    Str: 15    XL:     3   Next: 43%
Magic:  5/6        EV: 10    Int: 12    God:
Gold:   61         SH:  0    Dex: 11    Spells: 1 memorised, 6 levels left

rFire  . . .     SeeInvis .       - Unarmed
rCold  . . .     Clarity  .     c - +0 robe
rNeg   . . .     SustAb   .     (shield restricted)
rPois  .         Gourm    .     (helmet restricted)
rElec  .         Spirit   .     (no cloak)
rCorr  .         Warding  .     (gloves unavailable)
rMut   .         Stasis   .     (boots unavailable)
MR     .....                    (no amulet)
Stlth  +.........               (no ring)
                                (no ring)

@: appendage (expiring), very slightly contaminated, invisible, not resistant to
hostile enchantments, very unstealthy
A: unfitting armour, horns 2, tough skin 1
a: End Transformation


You were on level 2 of the Dungeon.
You were hungry.
You had grown temporary horns.
You visited 1 branch of the dungeon, and saw 2 of its levels.

You collected 61 gold pieces.

Inventory:

Missiles
 b - 12 arrows
 i - 10 sling bullets
 j - 2 needles of confusion
 n - 9 poisoned bolts
Armour
 c - a +0 robe (worn)
Scrolls
 e - 2 scrolls of identify {unknown}
 f - a scroll of amnesia {unknown}
 g - a scroll of immolation {unknown}
 m - a scroll of enchant weapon {unknown}
Potions
 o - a potion of lignification {unknown}
Books
 d - a book of Changes

   Spells                             Type                      Level
   a - Beastly Appendage              Transmutation                1
   b - Sticks to Snakes               Transmutation                2
   c - Spider Form                    Transmutation/Poison         3
   d - Ice Form                       Ice/Transmutation            4
   e - Blade Hands                    Transmutation                5
Comestibles
 a - 3 meat rations
 h - a bread ration
 l - a chunk of flesh


   Skills:
 * Level 2.0 Fighting
 * Level 2.6 Dodging
 - Level 2.6 Unarmed Combat
 * Level 2.6 Spellcasting
 * Level 1.8 Transmutations


You had 6 spell levels left.
You knew the following spells:

 Your Spells              Type           Power        Failure   Level  Hunger
a - Beastly Appendage     Trmt           #.....       12%         1    #......


Dungeon Overview and Level Annotations

Branches:
Dungeon (2/15)

Altars:

Annotations:
D:2 Terence


Innate Abilities, Weirdness & Mutations

You are too large for most types of armour.
You have tough skin (AC +1).
You have a pair of horns on your head.


Message History

Terence hits you with a falchion.
* * * LOW HITPOINT WARNING * * *
You hit Terence but do no damage. Your headbutt misses Terence.
Terence is severely wounded.
Terence barely misses you.
Drink which item? (? for menu, Esc to quit)
It was a potion of invisibility.
You fade into invisibility!
Terence hits you with a falchion.
* * * LOW HITPOINT WARNING * * *
You are very lightly contaminated with residual magic.
You catch the helpless Terence completely off-guard!
You hit Terence.
Terence is almost dead.
Your transformation is almost over.
Terence barely misses you.
You closely miss Terence.
Terence is almost dead.
Terence hits you with a falchion.
You die...

#######.#.............##
#.#.###########.#.
#.#.###########.#.
#.#.#.............
#.#.#.#########.#.
#.#.#.# #######...
#.#.#.# #.....####
#.#.#.# #.#.......
#@#.#.# #.#..#####
#@#.#.###.#..# #(#
#.....#..#
#.#.#######..#
#)#..........#
#.##########.###.#
#................# .##
#######.###### .
..........[....


You could see Terence.

Vanquished Creatures
  A gnoll (D:1)
  A giant gecko (D:1)
  A giant cockroach (D:1)
  6 goblins
  3 hobgoblins
  A jackal (D:1)
  7 kobolds
  3 bats
  2 giant newts (D:1)
  A rat (D:1)
26 creatures vanquished.

Notes
Turn   | Place    | Note
--------------------------------------------------------------
     0 | D:1      | Chiseanne, the Ogre Transmuter, began the quest for the Orb.
     0 | D:1      | Reached XP level 1. HP: 19/19 MP: 3/3
   664 | D:1      | Reached XP level 2. HP: 4/28 MP: 3/5
  1373 | D:1      | Reached XP level 3. HP: 27/35 MP: 4/6
  2262 | D:2      | Noticed Terence
  2307 | D:2      | Slain by Terence

Action                   || total
-------------------------++-------
Melee: Unarmed           ||   139
 Cast: Beastly Appendage ||    17
  Use: Potion            ||     3
 Stab: Invisible         ||     1
  Eat: Chunk             ||     4
